[Event "*** Titled Tuesday Blitz"]
[Site "Chess.com"]
[Date "2020.12.29"]
[Round "6"]
[White "Lion-Al-Messi"]
[Black "Jumbo"]
[Result "0-1"]
[WhiteElo "2539"]
[BlackElo "2823"]
[TimeControl "180+1"]
[EndTime "11:05:52 PST"]
[Termination "Jumbo won by resignation"]

1. d4 d6 2. e4 g6 3. Nf3 Bg7 4. Nc3 Nf6 5. Bc4 Nc6 6. Bf1 O-O 7. Bd3 a6 8. O-O b5 9. a3 Bb7 10. Be3 Ng4 11. Qd2 Nxe3 12. fxe3 e5 13. Ne2 Bh6 14.
c3 Na5 15. Rae1 c5 16. Ng3 Rc8 17. Qf2 Qe7 18. Kh1 Kh8 19. Ne2 f5 20. d5 Nc4 21.
Ng3 Nxe3 22. exf5 Nxf1 23. Qxf1 Bxd5 24. fxg6 hxg6 25. Bxg6 Qe6 26. Bd3 Rf4 27. Ne2 Rf7 28. Qf2 Rcf8 29. Qh4 Qf6 30. Ng3 Bxf3 31. Qxf6+ Rxf6 32. gxf3 Rxf3 33. Bb1 Rf2 34. b3 Bd2 35. Re4 Bf4 36.
Bd3 d5 37. Re1 e4 38. Be2 Bd2 39. Rg1 Bxc3 40. Bg4 Be5 41. Be6 d4 42. Bd5 e3 43.
Rg2 Rxg2 44. Kxg2 Bxg3 0-1

[Event "*** Titled Tuesday Blitz"]
[Site "Chess.com"]
[Date "2020.12.29"]
[Round "6"]
[White "PenguinPacks"]
[Black "nubair1198"]
[Result "0-1"]
[WhiteElo "2458"]
[BlackElo "2731"]
[TimeControl "180+1"]
[EndTime "11:05:52 PST"]
[Termination "nubair1198 won by resignation"]

1. e4 Nf6 2. e5 Nd5 3. d4 d6 4. Nf3 Nb6 5. a4 a5 6. Bd3 Nc6 7. h3 dxe5 8. dxe5 Nb4 9. O-O Nxd3 10. cxd3 Bf5 11. d4 e6 12. Nc3 Be7 13. Qe2 O-O 14.
Rd1 Qd7 15. Be3 Rfc8 16. Rac1 Nxa4 17. Nxa4 Qxa4 18. d5 exd5 19. Rxd5 Qe8 20. Nd4 Bg6 21. Rb5 b6 22. e6 Bf6 23. exf7+ Bxf7 24. Qg4 c5 25. Rxb6 cxd4 26. Rxf6 dxe3 27. Rf1 Rc4 28.
Qg3 e2 29. Re1 Rd8 30. Kh2 Rd1 31. Rxe2 Qxe2 32. Qb8+ Qe8 0-1

[Event "*** Titled Tuesday Blitz"]
[Site "Chess.com"]
[Date "2020.12.29"]
[Round "6"]
[White "BrandonJacobson"]
[Black "Witik"]
[Result "0-1"]
[WhiteElo "2910"]
[BlackElo "2731"]
[TimeControl "180+1"]
[EndTime "11:05:53 PST"]
[Termination "Witik won by checkmate"]

1. e4 c6 2. Nf3 d5 3. d3 Bg4 4.
h3 Bh5 5. Qe2 e6 6. g4 Bg6 7.
Ne5 dxe4 8. Nxg6 exd3 9. Qf3 hxg6 10. Bxd3 Nf6 11. Nc3 Nbd7 12. Bf4 Qa5 13. O-O-O Bb4 14. Bd2 Ne5 15. Qg3 O-O-O 16. Be2 Bxc3 17. Bxc3 Qxa2 18. b3 Ned7 19. Bb2 Nd5 20. Bxg7 Rhg8 21. Bb2 a5 22. h4 a4 23. bxa4 Qxa4 24. Rd4 Qa5 25. Rhd1 e5 26. Rc4 Nf4 27. Bf1 Nb6 28. Rxd8+ Rxd8 29. Rxf4 Qe1# 0-1

[Event "*** Titled Tuesday Blitz"]
[Site "Chess.com"]
[Date "2020.12.29"]
[Round "6"]
[White "GMHess"]
[Black "tdf98pantani"]
[Result "1-0"]
[WhiteElo "2862"]
[BlackElo "2653"]
[TimeControl "180+1"]
[EndTime "11:05:53 PST"]
[Termination "GMHess won by resignation"]

1. b3 d5 2. Bb2 c5 3. h3 Nc6 4. d3 Nf6 5. Nd2 g6 6. g4 Bg7 7. Bg2 O-O 8. e3 d4 9. Bxc6 bxc6 10. e4 h5 11. f3 Bh6 12. Bc1 Qc7 13. Nf1 Bg7 14. Ne2 a5 15. Bg5 a4 16. Nfg3 Nh7 17.
Qd2 axb3 18. cxb3 Nxg5 19. Qxg5 Bf6 20. Qxc5 h4 21. Nf1 Ba6 22. Rd1 e5 23. Nd2 Be7 24.
Qc2 f5 25. O-O Bg5 26. f4 exf4 27. Nf3 fxg4 28. Nxg5 f3 29. Nxd4 Qg3+ 30. Kh1 gxh3 31. Rg1 f2 32. Rxg3 hxg3 33. Nxh3 Rad8 34. Kg2 Rxd4 35. Qxc6 Bxd3 36. Qxg6+ Kh8 37. Qh6+ Kg8 38. Qg6+ Kh8 39. Ng5 Bxe4+ 40. Nxe4 Rxd1 41. Qh5+ Kg7 42. Qxd1 1-0

[Event "*** Titled Tuesday Blitz"]
[Site "Chess.com"]
[Date "2020.12.29"]
[Round "6"]
[White "ehrenfeld"]
[Black "alexg2003"]
[Result "0-1"]
[WhiteElo "2547"]
[BlackElo "2406"]
[TimeControl "180+1"]
[EndTime "11:05:53 PST"]
[Termination "alexg2003 won by resignation"]

1. e4 c5 2. d3 Nc6 3. f4 d5 4.
Be2 dxe4 5. dxe4 Qxd1+ 6. Bxd1 e5 7. Nc3 Bd6 8. f5 Nd4 9. Nd5 g6 10. c3 Nc6 11. fxg6 hxg6 12. Nf3 f5 13. Bc2 Be6 14. Ng5 Bxd5 15. exd5 Nce7 16. c4 e4 17. Ne6 Rxh2 18. Rxh2 Bxh2 19. Be3 b6 20. g4 Nf6 21. gxf5 gxf5 22. Ke2 Ng6 23. Rf1 Nh5 24. Kd1 Nh4 25. Rh1 Nf3 26. Rxh2 Nxh2 27. Nc7+ Kd7 28. Nxa8 Ng4 29. Ke2 f4 30. Bxe4 Nxe3 31. b3 Ng4 32. Bf3 Ng3+ 33. Kd3 Ne5+ 34. Kd2 Nxf3+ 35. Kd1 0-1

[Event "*** Titled Tuesday Blitz"]
[Site "Chess.com"]
[Date "2020.12.29"]
[Round "6"]
[White "Pedrada88"]
[Black "SergeyShtyka"]
[Result "1-0"]
[WhiteElo "2364"]
[BlackElo "2449"]
[TimeControl "180+1"]
[EndTime "11:05:53 PST"]
[Termination "Pedrada88 won by resignation"]

1. Nf3 c5 2. g3 Nc6 3. Bg2 g6 4. c3 Bg7 5. d4 cxd4 6. cxd4 d5 7. Nc3 Nf6 8. O-O O-O 9. Bf4 h6 10. Ne5 Be6 11. Nxc6 bxc6 12. Rc1 Rc8 13. Na4 Nd7 14.
b3 Bf5 15. h4 e5 16. dxe5 Nxe5 17. Nc5 Re8 18. Qd2 Kh7 19. Rfd1 Qe7 20. Qe3 Qf6 21. Qc3 Qe7 22. Qa5 g5 23. hxg5 hxg5 24. Bxe5 Bxe5 25. e4 Bg4 26. Re1 d4 27. Nd3 Qc7 28. Rc5 Qxa5 29. Rxa5 Bb8 30. Rxg5 Be6 31. f4 f6 32. Ra5 Kg7 33.
Kf2 Bg4 34. Rc1 Bd7 35. Bf3 Bc7 36. Rxa7 Re7 37. e5 Bb6 38. Rxd7 Rxd7 39. Bg4 Rcd8 40. Bxd7 Rxd7 41. Rxc6 Ba5 42. exf6+ Kf7 43. Ne5+ 1-0

[Event "*** Titled Tuesday Blitz"]
[Site "Chess.com"]
[Date "2020.12.29"]
[Round "6"]
[White "GoltsevDmitry2000"]
[Black "Piotrek1979"]
[Result "0-1"]
[WhiteElo "2688"]
[BlackElo "2421"]
[TimeControl "180+1"]
[EndTime "11:05:54 PST"]
[Termination "Piotrek1979 won by checkmate"]

1. e4 c6 2. Nf3 d5 3. exd5 cxd5 4. b3 Nc6 5. Bb2 Bg4 6. Be2 Nf6 7. O-O e6 8. d4 Bd6 9. Nbd2 O-O 10. h3 Bh5 11.
Re1 Rc8 12. c3 a6 13. a4 Na5 14. b4 Nc6 15. Ne5 Bxe2 16. Qxe2 Bxe5 17. dxe5 Nd7 18.
f4 d4 19. b5 Ncxe5 20. cxd4 Rc2 21. Ba3 Nc4 22. Bxf8 Ndb6 23. Bxg7 Rxd2 24. Qg4 h5 25. Qg3 h4 26. Qg4 Kh7 27. a5 f5 28. Qg5 Qxg5 29. fxg5 Nd5 30. bxa6 bxa6 31. Be5 Nce3 32. g3 hxg3 33. Bxg3 Rg2+ 34. Kh1 Rxg3 35. Rac1 f4 36.
Rc6 f3 37. Rxe6 f2 38. Rb1 Rxh3# 0-1

[Event "*** Titled Tuesday Blitz"]
[Site "Chess.com"]
[Date "2020.12.29"]
[Round "6"]
[White "tylityli"]
[Black "EdmundPlayer"]
[Result "1-0"]
[WhiteElo "2365"]
[BlackElo "2202"]
[TimeControl "180+1"]
[EndTime "11:05:54 PST"]
[Termination "tylityli won on time"]

1. d4 Nf6 2. c4 g6 3. Nc3 d5 4.
cxd5 Nxd5 5. Bd2 Bg7 6. e4 Nb6 7. Be3 O-O 8. Bb5 Nc6 9. Bxc6 bxc6 10. Nf3 c5 11. dxc5 Bxc3+ 12. bxc3 Qxd1+ 13. Rxd1 Na4 14. Bd4 Ba6 15. Kd2 f6 16. e5 Rfd8 17. Ke3 Nb2 18. Rb1 Nc4+ 19. Kf4 fxe5+ 20. Nxe5 Rf8+ 21. Kg3 Nd2 22. Rbe1 Rf5 23. f3 Re8 24. Nc6 Kf7 25. Nxa7 e5 26.
Be3 Nc4 27. Nc6 e4 28. f4 Kg8 29. Kf2 Bb7 30. Nb4 Nxe3 31. Kxe3 Rxc5 32. Rc1 Rc4 33. Rhd1 c5 34. Nd5 Ra8 35. Nb6 Raa4 36. Nxc4 Rxc4 37.
Rd8+ Kg7 38. Rd7+ 1-0

[Event "*** Titled Tuesday Blitz"]
[Site "Chess.com"]
[Date "2020.12.29"]
[Round "6"]
[White "JustKid"]
[Black "rpragchess"]
[Result "0-1"]
[WhiteElo "2617"]
[BlackElo "2847"]
[TimeControl "180+1"]
[EndTime "11:05:55 PST"]
[Termination "rpragchess won by checkmate"]

1. d4 Nf6 2. Bf4 d5 3. e3 Bf5 4. Nf3 e6 5. c4 Bd6 6. Bxd6 cxd6 7. Nc3 dxc4 8. Bxc4 O-O 9. O-O h6 10. Bd3 Bg4 11. h3 Bh5 12. g4 Bg6 13. Bxg6 fxg6 14.
Qb3 Qe7 15. Nh2 g5 16. Rac1 Kh8 17. Ne2 Nc6 18. Ng3 Rf7 19. f4 gxf4 20. Rxf4 Raf8 21. Rcf1 Qd7 22. Nf3 g5 23. Rxf6 Rxf6 24. Kg2 d5 25. Nh5 R6f7 26. Qd3 Rg8 27. Nd2 Qe7 28. a3 Rxf1 29.
Nxf1 Qf7 30. Nhg3 Ne7 31. e4 Ng6 32. Qe3 Nh4+ 33. Kg1 Qf3 34. exd5 Qg2# 0-1

[Event "*** Titled Tuesday Blitz"]
[Site "Chess.com"]
[Date "2020.12.29"]
[Round "6"]
[White "northridgehawk"]
[Black "KetiGrant"]
[Result "1-0"]
[WhiteElo "2331"]
[BlackElo "2437"]
[TimeControl "180+1"]
[EndTime "11:05:56 PST"]
[Termination "northridgehawk won by resignation"]

1. e4 c5 2. Nf3 Nc6 3. d4 cxd4 4.
Nxd4 e5 5. Nb5 d6 6. N1c3 a6 7. Na3 b5 8. Nd5 Nge7 9. g3 Nxd5 10. exd5 Ne7 11. Bg2 g6 12. O-O Bg7 13. c3 O-O 14.
Nc2 h6 15. a4 Rb8 16. axb5 axb5 17. Nb4 f5 18. Ra7 Bb7 19. Qd3 e4 20. Qxb5 Bxd5 21. Qa6 Be6 22. Rd1 Rb6 23. Qa3 Nc6 24. Nd5 Nxa7 25. Qxa7 Bxd5 26. Rxd5 Rc6 27. Bf1 Rf7 28. Qa3 Qb6 29. Be3 Qc7 30. Bb5 g5 31. Bxc6 Qxc6 32. Qxd6 Qc4 33. Rc5 Qe2 34. Qd5 f4 35. Rc7 Qe1+ 36. Kg2 f3+ 37. Kh3 Qf1+ 38. Kg4 h5+ 39.
Kxg5 Bf6+ 40. Kg6 1-0

[Event "*** Titled Tuesday Blitz"]
[Site "Chess.com"]
[Date "2020.12.29"]
[Round "6"]
[White "FlamingPhoenix123"]
[Black "EugeneRougon"]
[Result "1-0"]
[WhiteElo "2613"]
[BlackElo "2750"]
[TimeControl "180+1"]
[EndTime "11:05:57 PST"]
[Termination "FlamingPhoenix123 won by resignation"]

1. e4 e6 2. d4 d5 3. Nd2 c5 4.
Ngf3 cxd4 5. Nxd4 Nc6 6. Bb5 Bd7 7. Nxc6 bxc6 8. Bd3 Bd6 9. Qe2 e5 10. Nf3 Qe7 11. O-O f5 12. exd5 cxd5 13. Bb5 e4 14. Nd4 g6 15. Nc6 Qf6 16. Be3 Be5 17. Nxe5 Qxe5 18. Bxd7+ Kxd7 19. Rfd1 Ne7 20. Bd4 Qd6 21. Qb5+ Qc6 22. Qxc6+ Kxc6 23. Bxh8 Rxh8 24. c4 dxc4 25. Rac1 Kb6 26. Rxc4 Nc6 27. Rd6 Rc8 28. g3 Kb5 29. b3 Rc7 30. Kg2 a5 31. a4+ Kb6 32. Rd5 Ka6 33. Rdc5 Kb6 34. Rb5+ Ka6 35. Rcc5 Rc8 36. Rxa5+ Nxa5 37. Rxc8 Nxb3 38. Rc7 h5 39. Rc6+ Ka5 40. Rxg6 Kxa4 41. Rg5 Nd4 42. Rxh5 Kb4 43. h4 Kc4 44. Rh8 Nf3 45. Rd8 Ne1+ 46. Kf1 Nf3 47. h5 Ng5 48. h6 Kc5 49. Rf8 Kd6 50. Rxf5 Nh7 51. Rf7 Ng5 52. Rg7 Ne6 53. Rg6 Ke7 54. Rxe6+ Kxe6 55. h7 1-0

[Event "*** Titled Tuesday Blitz"]
[Site "Chess.com"]
[Date "2020.12.29"]
[Round "6"]
[White "r31415"]
[Black "anon102030"]
[Result "0-1"]
[WhiteElo "2498"]
[BlackElo "2700"]
[TimeControl "180+1"]
[EndTime "11:05:57 PST"]
[Termination "anon102030 won by resignation"]

1. e4 e5 2. Nf3 Nc6 3. Bc4 Bc5 4.
c3 Nf6 5. d3 d5 6. exd5 Nxd5 7.
O-O O-O 8. Re1 Nf6 9. Bg5 h6 10. Bh4 g5 11. Bg3 e4 12. dxe4 Qxd1 13. Rxd1 Nxe4 14.
Nbd2 Nd6 15. Bd5 Ne7 16. Bb3 Nef5 17. Be5 Re8 18. h3 Be6 19. Bc2 Bd5 20. Bb3 Bxb3 21.
Nxb3 Bb6 22. Rac1 Nc4 23. Bh2 Nxb2 24. Rd2 Nc4 25. Rd7 Re7 26. Rcd1 Rae8 27. g4 Nfd6 28.
Rxe7 Rxe7 29. Nfd4 Kh7 30. Kg2 Ne4 31. Rd3 Ncd6 32.
f3 Nc5 33. Rd2 Na4 34. Rc2 Nc4 35. Kf2 Nc5 36. Re2 Ne6 37. Re4 Rd7 38. Kg2 Nd6 39.
Re2 Nxd4 40. cxd4 Nb5 41. Rd2 c6 42. d5 Rxd5 43. Re2 Rd7 44. Re8 f6 45. Bg3 Nc3 46.
Bf2 Bxf2 47. Kxf2 Nxa2 48. Ra8 b6 49. Nc5 bxc5 0-1

[Event "*** Titled Tuesday Blitz"]
[Site "Chess.com"]
[Date "2020.12.29"]
[Round "6"]
[White "ViktoriyaTarasova"]
[Black "Mikasinski"]
[Result "0-1"]
[WhiteElo "2353"]
[BlackElo "2524"]
[TimeControl "180+1"]
[EndTime "11:05:57 PST"]
[Termination "Mikasinski won by resignation"]

1. d4 Nf6 2. c4 g6 3. Nc3 Bg7 4.
e4 d6 5. h3 O-O 6. Be3 Na6 7.
Nf3 e5 8. d5 Nc5 9. Qc2 a5 10.
g4 c6 11. Nd2 a4 12. Be2 Qa5 13. f3 Bd7 14. Kf2 Rfc8 15. h4 cxd5 16. exd5 a3 17.
b3 e4 18. g5 exf3 19. gxf6 Bxf6 20. Nce4 Bxa1 21. Rxa1 fxe2 22. Bxc5 Qd8 23. Bd4 Qxh4+ 24.
Kxe2 Bg4+ 25. Kd3 Bf5 26. Kc3 Re8 27. Re1 Qxe1 28. Nf6+ Kf8 29. Nxh7+ Ke7 30. Bf6+ Kd7 0-1

[Event "*** Titled Tuesday Blitz"]
[Site "Chess.com"]
[Date "2020.12.29"]
[Round "6"]
[White "Koksal06"]
[Black "gmcorrales"]
[Result "0-1"]
[WhiteElo "2454"]
[BlackElo "2783"]
[TimeControl "180+1"]
[EndTime "11:05:58 PST"]
[Termination "gmcorrales won by checkmate"]

1. d4 Nf6 2. c4 g6 3. Nf3 Bg7 4. Nc3 d5 5. Bg5 Ne4 6. cxd5 Nxg5 7. Nxg5 e6 8. Nf3 exd5 9. b4 O-O 10. e3 g5 11. Be2 g4 12. Nd2 h5 13. g3 a5 14.
b5 c5 15. bxc6 bxc6 16. Na4 Bf5 17. Rc1 Ra7 18. Nc5 Re7 19. Ndb3 Rfe8 20. O-O Qd6 21. Bd3 Bc8 22. Nxa5 h4 23. Nab3 hxg3 24. hxg3 Rxe3 25. Qd2 Bh6 26. Qc2 Kg7 27. Kg2 Rf3 28. Rce1 Rh8 29.
Re5 Qf6 30. Nd2 Bg5 31. Ree1 Rh3 32. Ndb3 Bf4 33. Rh1 Bxg3 34. Rxh3 gxh3+ 35. Kh1 Rxf2 36. Qc1 Qf3+ 37. Kg1 Qg2# 0-1

[Event "*** Titled Tuesday Blitz"]
[Site "Chess.com"]
[Date "2020.12.29"]
[Round "6"]
[White "BelaKis"]
[Black "GMJustin"]
[Result "0-1"]
[WhiteElo "2134"]
[BlackElo "2305"]
[TimeControl "180+1"]
[EndTime "11:05:58 PST"]
[Termination "GMJustin won by checkmate"]

1. Nf3 Nf6 2. g3 c5 3. Bg2 g6 4. O-O Bg7 5. d3 d5 6. Nbd2 O-O 7. a3 Nc6 8. c4 e5 9. Qa4 e4 10. Ne1 Nd4 11. Qd1 Bg4 12. f3 exf3 13. exf3 Bf5 14. g4 Be6 15. Nc2 dxc4 16. dxc4 h5 17. g5 Nh7 18. h4 Nf5 19. Qe1 Qc7 20. Ne3 Nxe3 21. Qxe3 Bd4 22. Ne4 Bxe3+ 23. Bxe3 Bf5 24. Nxc5 Rfe8 25.
Bf2 b6 26. Ne4 Bxe4 27. fxe4 Qxc4 28. Rae1 Rac8 29. e5 Qe6 30. Re2 Red8 31. Rfe1 Rd3 32. Be4 Qg4+ 33. Bg2 Rcd8 34. Re4 Qf5 35. Kh2 Qxf2 36.
R1e2 Qf5 37. Bh3 Qxh3+ 38. Kg1 Rd1+ 39. Kf2 Rf1# 0-1

[Event "*** Titled Tuesday Blitz"]
[Site "Chess.com"]
[Date "2020.12.29"]
[Round "6"]
[White "JoAttack"]
[Black "JiiHart"]
[Result "1-0"]
[WhiteElo "2194"]
[BlackElo "2065"]
[TimeControl "180+1"]
[EndTime "11:05:58 PST"]
[Termination "JoAttack won by checkmate"]

1. d4 Nf6 2. c4 e6 3. Nc3 c5 4. Nf3 cxd4 5. Nxd4 Nc6 6. e3 a6 7. Be2 Qc7 8. O-O Be7 9. b3 O-O 10. Bb2 d6 11. Rc1 Qb8 12. Bf3 Bd7 13. Re1 Ne5 14.
Be2 Rd8 15. Bf1 Be8 16. e4 Nc6 17. Nc2 Qa7 18. Qe2 Rac8 19. Kh1 Rd7 20. f4 Rdc7 21.
Qf3 Nd4 22. Nxd4 Qxd4 23. Na4 Qa7 24. Nc3 b5 25. cxb5 axb5 26. e5 dxe5 27. fxe5 Nd5 28. Nxd5 exd5 29. Rxc7 Rxc7 30. Qxd5 Bc6 31. Qd4 Qxa2 32. h3 Qa8 33. Kh2 Rd7 34. Qf2 Bd5 35.
Rd1 Bf8 36. Bxb5 Bc6 37. Rxd7 Bxb5 38. Qxf7+ Kh8 39. Ra7 Qe4 40. Qxf8# 1-0

[Event "*** Titled Tuesday Blitz"]
[Site "Chess.com"]
[Date "2020.12.29"]
[Round "6"]
[White "Kretov_Evgenij"]
[Black "area_5"]
[Result "0-1"]
[WhiteElo "2514"]
[BlackElo "2769"]
[TimeControl "180+1"]
[EndTime "11:05:59 PST"]
[Termination "area_5 won by resignation"]

1. d4 Nf6 2. c4 g6 3. Nc3 Bg7 4. e4 d6 5. Be2 O-O 6. Bg5 c5 7. d5 b5 8. cxb5 a6 9. a4 axb5 10. Bxb5 Qa5 11. Bd2 Ba6 12. Ra3 Nbd7 13. Nf3 Bxb5 14.
axb5 Qb6 15. O-O Ng4 16. h3 Nge5 17. Nxe5 Nxe5 18. Qe2 Ra7 19. Rfa1 Rfa8 20. Be3 Nd7 21. Qc4 Qb7 22. Rxa7 Rxa7 23. Rxa7 Qxa7 24. Qa4 Qb8 25. Qa6 Nb6 26. Bc1 Na8 27. Qc6 Nb6 28. Kh2 Be5+ 29. f4 Bd4 30. Ne2 Bf6 31. b3 h5 32.
Be3 Kg7 33. e5 dxe5 34. Bxc5 Nc8 35. b6 exf4 36. Qc7 Qxc7 37. bxc7 Be5 38. Kg1 Bxc7 39.
b4 Nb6 40. Nc3 Kf6 41. Bd4+ Be5 42. Bxb6 Bxc3 43. Bc5 Ke5 44. Bxe7 Kxd5 45. Kf2 Ke4 46. b5 Bd4+ 47. Ke2 Bb6 48. Bd6 f6 49. Bb8 g5 50.
Bd6 f5 51. Be7 g4 52. h4 Kd5 53. Kd3 f3 54. gxf3 g3 0-1

[Event "*** Titled Tuesday Blitz"]
[Site "Chess.com"]
[Date "2020.12.29"]
[Round "6"]
[White "WPWPWP-2015"]
[Black "BahadirOzen"]
[Result "1/2-1/2"]
[WhiteElo "2476"]
[BlackElo "2774"]
[TimeControl "180+1"]
[EndTime "11:06:00 PST"]
[Termination "Game drawn by repetition"]

1. e4 e5 2. Nf3 Nc6 3. Bb5 Nf6 4. O-O Nxe4 5. d4 Nd6 6. Bxc6 dxc6 7. dxe5 Nf5 8. Qxd8+ Kxd8 9. Nc3 Ke8 10. h3 h5 11. Bf4 Be6 12. Rfe1 Bb4 13. Bd2 Rd8 14.
a3 Bxc3 15. Bxc3 c5 16. Rad1 Rd5 17. Ng5 Ke7 18. Rxd5 Bxd5 19. Rd1 Bc6 20. Kf1 b6 21. g3 a5 22. h4 Ra8 23. Rd2 g6 24. b3 Ng7 25.
Nh7 Ne8 26. a4 Rd8 27. Ke2 Rxd2+ 28. Bxd2 Be4 29. Kd1 Bf3+ 30. Kc1 Bc6 31. Ng5 Ng7 32. Bf4 Ne6 33. Nxe6 Kxe6 34. Kd2 Be4 35. c4 Bf3 36.
Kd3 Bd1 37. Kc3 Bg4 38. Kb2 Bf3 39. Kc3 Bg4 40. Kb2 Bf3 41. Kc3 Bg4 1/2-1/2

[Event "*** Titled Tuesday Blitz"]
[Site "Chess.com"]
[Date "2020.12.29"]
[Round "6"]
[White "Jenia84"]
[Black "Susal_De_Silva"]
[Result "0-1"]
[WhiteElo "2342"]
[BlackElo "2573"]
[TimeControl "180+1"]
[EndTime "11:06:00 PST"]
[Termination "Susal_De_Silva won by resignation"]

1. Nf3 Nf6 2. b3 g6 3. Bb2 Bg7 4. e3 b6 5. Be2 Bb7 6. O-O O-O 7.
c4 d6 8. d4 Ne4 9. Nbd2 Nxd2 10. Qxd2 Nd7 11. d5 Nf6 12. Bd3 Qd7 13. e4 e5 14. b4 Nh5 15. Nh4 Bf6 16. Nf3 Nf4 17.
Rfd1 Qg4 18. Bf1 Bg7 19. Kh1 f5 20. Qe3 fxe4 21. Qxe4 Bc8 22. Rd2 Bf5 23. Qe1 Rae8 24. Ng1 Bh6 25. f3 Qg5 26. g3 e4 27. gxf4 Qxf4 28.
Re2 e3 29. Qc3 Re5 30. Rae1 Rfe8 31. Rxe3 Bg7 32. Rxe5 Bxe5 33. Re2 Bxc3 34. Rxe8+ Kf7 35. Bxc3 Kxe8 36. Bg2 Qc1 37. Bd4 Qxc4 0-1

[Event "*** Titled Tuesday Blitz"]
[Site "Chess.com"]
[Date "2020.12.29"]
[Round "6"]
[White "AlanZhang"]
[Black "DishonorOnYourCow"]
[Result "0-1"]
[WhiteElo "2151"]
[BlackElo "2438"]
[TimeControl "180+1"]
[EndTime "11:06:00 PST"]
[Termination "DishonorOnYourCow won by resignation"]

1. e4 c5 2. Nf3 d6 3. d4 cxd4 4.
Nxd4 Nf6 5. Nc3 a6 6. h3 e5 7. Nb3 h5 8. g3 Be6 9. f4 exf4 10.
Bxf4 Nc6 11. Qe2 Ne5 12. O-O-O Qc7 13. Bg2 Be7 14. Nd4 Bc4 15. Qf2 Qa5 16. Nf5 Rd8 17. a3 b5 18. Nxg7+ Kf8 19. Nf5 b4 20. axb4 Qa1+ 21. Kd2 Qxb2 22. Nxe7 Kxe7 23. Bg5 Nd7 24. Rb1 Qa3 25. Rhf1 Bxf1 26. Rxf1 Qxb4 27. Bxf6+ Nxf6 28. Qxf6+ Kd7 29. Qxf7+ Kc8 30. Qd5 Qb7 31. Qe6+ Qd7 32. Qc4+ Qc7 33. Qxa6+ Qb7 34. Qc4+ Qc7 35. Qb4 Rdf8 36.
Ra1 Kd7 37. Ke3 Rb8 38. Nd5 Rxb4 39. Nxc7 Kxc7 0-1

[Event "*** Titled Tuesday Blitz"]
[Site "Chess.com"]
[Date "2020.12.29"]
[Round "6"]
[White "alexrustemov"]
[Black "GMBenjaminBok"]
[Result "0-1"]
[WhiteElo "2672"]
[BlackElo "2880"]
[TimeControl "180+1"]
[EndTime "11:06:01 PST"]
[Termination "GMBenjaminBok won by resignation"]

1. d4 d5 2. c4 c6 3. Nc3 Nf6 4. e3 Bf5 5. cxd5 cxd5 6. Qb3 Nc6 7. Qxb7 Bd7 8. Qb3 Rb8 9. Qd1 e5 10. dxe5 Nxe5 11. Be2 Bd6 12. Nf3 O-O 13. O-O Re8 14.
a4 Qe7 15. Nb5 Nxf3+ 16. Bxf3 Bxb5 17. axb5 Rxb5 18. Qd3 Reb8 19. Rd1 Be5 20. Qa3 Qxa3 21. Rxa3 R8b7 22. g3 g6 23. Kg2 Bxb2 24. Bxb2 Rxb2 25.
Bxd5 Rd7 26. Rad3 Ng4 27. Rf1 Rxd5 28. Ra3 Rdd2 29. h3 Rxf2+ 30. Rxf2 Nxf2 31. Rxa7 Kg7 32. h4 h5 33. Kf3 Ng4 0-1

[Event "*** Titled Tuesday Blitz"]
[Site "Chess.com"]
[Date "2020.12.29"]
[Round "6"]
[White "Godzillator"]
[Black "maxip32"]
[Result "1-0"]
[WhiteElo "2342"]
[BlackElo "2496"]
[TimeControl "180+1"]
[EndTime "11:06:01 PST"]
[Termination "Godzillator won on time"]

1. d4 Nf6 2. c4 g6 3. Nc3 Bg7 4. e4 d6 5. Be2 O-O 6. Bg5 Na6 7. f4 c5 8. d5 h6 9. Bh4 Nc7 10. Nf3 Qe8 11. O-O Ng4 12. Qd2 f5 13. exf5 gxf5 14. h3 Nf6 15. Bd3 Qh5 16. Rae1 e6 17. dxe6 Nxe6 18.
Be2 Qg6 19. Nd5 Ne4 20. Ne7+ Kf7 21. Qd5 Qh7 22. Ne5+ Bxe5 23. Bh5+ Kg7 24. fxe5 N6g5 25. Bg6 Qh8 26. exd6 Bd7 27. Bxf5 Nf6 28. Qe5 Bxf5 29. Nxf5+ Kh7 30. Ne7 Qg7 31. Kh1 Rf7 32. Nf5 Qg6 33. Bxg5 hxg5 34. Qe6 g4 35. Nh4 Qg5 36. Qxf7+ 1-0

[Event "*** Titled Tuesday Blitz"]
[Site "Chess.com"]
[Date "2020.12.29"]
[Round "6"]
[White "supertfc"]
[Black "Savva09022009"]
[Result "0-1"]
[WhiteElo "2380"]
[BlackElo "2617"]
[TimeControl "180+1"]
[EndTime "11:06:02 PST"]
[Termination "Savva09022009 won on time"]

1. c4 e5 2. g3 Nf6 3. Bg2 d5 4. cxd5 Nxd5 5. Nf3 Nc6 6. O-O Be7 7. d4 e4 8. Ne5 f5 9. Nxc6 bxc6 10. Qa4 Qd6 11.
Nc3 O-O 12. f3 exf3 13. Bxf3 Be6 14. Nxd5 cxd5 15. Bf4 Qb6 16. Be5 c5 17. b3 Rac8 18. Rac1 cxd4 19. Bxd4 Qb7 20. Qxa7 Qxa7 21. Bxa7 Ra8 22.
Bc5 Bxc5+ 23. Rxc5 Rxa2 24. Bxd5 Bxd5 25. Rxd5 g6 26. Re5 Rb8 27. Rf3 Kg7 28. Re7+ Kf6 29. Rxh7 Rxe2 30. Rc7 Rd8 31. Rf2 Re1+ 32. Kg2 Rdd1 33.
Rc6+ Kg5 34. h4+ Kh5 35. Rb2 Rg1+ 36. Kh3 Rh1+ 37. Rh2 Rhg1 38. Rc8 Kh6 39. Rc3 g5 40. hxg5+ Kxg5 41. Rc8 Rd7 42. Rg8+ Kf6 0-1

[Event "*** Titled Tuesday Blitz"]
[Site "Chess.com"]
[Date "2020.12.29"]
[Round "6"]
[White "Europe03"]
[Black "RobPeresian"]
[Result "1-0"]
[WhiteElo "2336"]
[BlackElo "2435"]
[TimeControl "180+1"]
[EndTime "11:06:02 PST"]
[Termination "Europe03 won on time"]

1. d4 d5 2. c4 c6 3. Nf3 Nf6 4.
e3 a6 5. c5 Bg4 6. Nc3 Nbd7 7.
Be2 e6 8. O-O Be7 9. Bd2 O-O 10.
b4 Ne4 11. Nxe4 dxe4 12. Ne5 Bxe2 13. Qxe2 Nxe5 14. dxe5 Qd3 15. Qxd3 exd3 16. Bc3 Rfd8 17. Rfd1 a5 18. a3 axb4 19. axb4 Rxa1 20. Rxa1 g5 21. Kf1 Kg7 22. Ke1 Kg6 23. Kd2 g4 24. Ra7 Rd7 25. Ra8 h5 26. Bd4 f6 27. f4 fxe5 28. Bxe5 Kf5 29. Rh8 h4 30. Rh7 Kg6 31. Rg7+ Kf5 32. Bd6 Kf6 33. Rxe7 Rxe7 34. Bxe7+ Kxe7 35. Kxd3 Kf6 36. g3 h3 37. Kd4 1-0

[Event "*** Titled Tuesday Blitz"]
[Site "Chess.com"]
[Date "2020.12.29"]
[Round "6"]
[White "Tekushka"]
[Black "Chessbard1972"]
[Result "0-1"]
[WhiteElo "2429"]
[BlackElo "2323"]
[TimeControl "180+1"]
[EndTime "11:06:05 PST"]
[Termination "Chessbard1972 won by resignation"]

1. e4 c5 2. Nf3 a6 3. c3 d5 4. exd5 Qxd5 5. d4 Nf6 6. Be3 cxd4 7. cxd4 Bg4 8. Nc3 Qd6 9. h3 Bh5 10. Be2 e6 11. Qb3 Qb4 12. Qc2 Nc6 13. a3 Qd6 14. Qb3 Be7 15. Qxb7 O-O 16. Qb3 Rab8 17. Qc2 Bxf3 18. Bxf3 Nxd4 19. Bxd4 Qxd4 20. O-O Bc5 21. Rad1 Qh4 22. b4 Bb6 23. Rd3 h6 24. Qe2 a5 25.
b5 a4 26. Ne4 Nd5 27. Qd2 Rfd8 28. Rd1 f5 29. g3 Qxh3 30. Bg2 Qg4 31. Bf3 Qg6 32. Nc3 Qxg3+ 33. Bg2 Qg4 34. Nxd5 exd5 35. Rxd5 Kh7 36. Qd3 Rxd5 37. Qxd5 Rd8 38. Qxd8 Bxd8 39. Rxd8 Qg5 40. b6 Qxd8 0-1

[Event "*** Titled Tuesday Blitz"]
[Site "Chess.com"]
[Date "2020.12.29"]
[Round "6"]
[White "Ural_bogatyr"]
[Black "MelihKaanCan"]
[Result "1-0"]
[WhiteElo "2465"]
[BlackElo "2321"]
[TimeControl "180+1"]
[EndTime "11:06:06 PST"]
[Termination "Ural_bogatyr won on time"]

1. e4 e5 2. Nf3 Nc6 3. Bb5 a6 4.
Bxc6 dxc6 5. O-O f6 6. d4 exd4 7. e5 fxe5 8. Re1 Bg4 9. Rxe5+ Be7 10. h3 Bxf3 11. Qxf3 Qd7 12. Nd2 O-O-O 13. Ne4 Nf6 14. Bg5 Rhf8 15. Re1 Nxe4 16. Qxe4 Bxg5 17. Rxg5 Rde8 18.
Re5 Rxe5 19. Qxe5 Kb8 20. Qe7 Rf7 21. Qe4 c5 22. c3 dxc3 23. bxc3 Qf5 24. Qxf5 Rxf5 25.
Re7 Rg5 26. f4 Rg6 27. Kf2 b5 28. g4 Kb7 29. f5 Rd6 30. Ke2 g6 31. Rxh7 gxf5 32.
gxf5 Rf6 33. Rh5 Kc6 34. Rg5 Kd5 35. h4 Ke5 36. Rg7 c6 37. Ra7 Kxf5 38. Rxa6 Kg4 39. a4 bxa4 40. Rxa4+ Kf5 41. Rc4 Ke5 42. Rxc5+ Kd6 43.
Rg5 Rf4 44. h5 Rh4 45. Kf3 Kc7 46. Kg3 Rh1 47. Kg4 Kb6 48. Re5 c5 49. c4 1-0